 Dungeon Crawl Stone Soup version 0.29-a0-91-gdebf4667c2 (webtiles) character file.

Game seed: 14847323934163450272

21829 kae the Grappler (level 12, -3/123 HPs)
             Began as a Purple Draconian Transmuter on Feb 7, 2022.
             Was an Initiate of Ru.
             Slain by an eight-headed hydra (8 damage)
             ... on level 3 of the Lair of Beasts.
             The game lasted 00:11:05 (19366 turns).

kae the Grappler (Purple Draconian Transmuter)     Turns: 19366, Time: 00:11:05

Health: -3/123     AC:  8    Str: 14    XL:     12   Next: 57%
Magic:  0/25       EV: 16    Int: 16    God:    Ru [......]
Gold:   1901       SH:  8    Dex: 13    Spells: 21/29 levels left

rFire   x . .      SeeInvis .     - Unarmed
rCold   + + +      Faith    .   (shield currently unavailable)
rNeg    . . .      Spirit   +   (armour unavailable)
rPois   +          Reflect  .   (helmet currently unavailable)
rElec   .          Harm     .   (cloak currently unavailable)
rCorr   .          Rampage  .   (gloves currently unavailable)
Will    ++...                   (boots currently unavailable)
Stlth   +.........              h - brooch of Shielding {Spirit SH+8}
HPRegen 0.30/turn               e - ring of willpower
MPRegen 0.19/turn               s - +4 ring of evasion

@: ice-form
A: freezing attack, amphibious, boosted hp, (breathe power), AC +8, large,
unfitting armour, (cold-blooded)
a: End Transformation, Renounce Religion


You were on level 3 of the Lair of Beasts.
You worshipped Ru.
Ru was noncommittal.
You were a creature of crystalline ice.
You visited 3 branches of the dungeon, and saw 15 of its levels.

You collected 1945 gold pieces.
You spent 44 gold pieces at shops.

Inventory:

Missiles
 k - 2 throwing nets
Jewellery
 d - a ring of magical power
 e - a ring of willpower (left front paw)
 h - the brooch of Shielding (around neck) {Spirit SH+8}
   (You found it on level 3 of the Dungeon)

   [amulet of guardian spirit]

   It causes incoming damage to be divided between your reserves of health and
   magic.
   SH:        It affects your SH (+8).
 p - an amulet of guardian spirit
 r - a +4 ring of evasion
 s - a +4 ring of evasion (right front paw)
 y - a +4 ring of evasion
 z - a ring of ice
 A - a ring of poison resistance
 F - a ring of protection from fire
 G - a +6 ring of strength
Wands
 f - a wand of paralysis (7)
 l - a wand of iceblast (18)
 q - a wand of acid (10)
Scrolls
 a - 2 scrolls of enchant weapon
 j - 5 scrolls of blinking
 n - 2 scrolls of teleportation
 C - a scroll of fear
 D - 3 scrolls of fog
 I - a scroll of magic mapping
 J - a scroll of identify
 K - a scroll of silence {unknown}
 L - a scroll of enchant armour
Potions
 b - 3 potions of heal wounds
 c - 2 potions of might
 g - 5 potions of brilliance
 i - 3 potions of attraction
 m - 7 potions of curing
 o - a potion of cancellation
 t - 2 potions of flight
 u - a potion of resistance
 v - a potion of mutation {unknown}
 w - a potion of magic
 x - a potion of lignification
 B - a potion of haste {unknown}
 E - 7 potions of ambrosia
 H - a potion of invisibility {unknown}


   Skills:
 + Level 8.7 Fighting
 + Level 7.4 Dodging
 * Level 11.5 Unarmed Combat
 + Level 9.0 Spellcasting
 * Level 11.2 Transmutations
 - Level 5.0 Ice Magic
 - Level 2.0 Poison Magic


You had 21 spell levels left.
You knew the following spells:

 Your Spells              Type           Power      Damage    Failure   Level
a - Beastly Appendage     Tmut           86%        N/A       1%          1
b - Spider Form           Tmut/Pois      28%        N/A       1%          3
c - Ice Form              Ice/Tmut       33%        N/A       3%          4

Your spell library contained the following spells:

 Spells                   Type           Power      Damage    Failure   Level
 Wereblood                Tmut           43%        N/A       1%          2
 Corpse Rot               Necr/Air       14%        N/A       16%         2
 Yara's Violent Unravell  Hex/Tmut       12%        3d7       28%         5
 Tukima's Dance           Hex            7%         N/A       30%         3
 Dispel Undead            Necr           7%         3d8       69%         4
 Passage of Golubria      Tloc           7%         N/A       69%         4
 Summon Forest            Summ/Tloc      3%         N/A       95%         5
 Summon Mana Viper        Hex/Summ       7%         N/A       95%         5
 Death Channel            Necr           3%         N/A       100%        6
 Summon Cactus Giant      Summ           3%         N/A       100%        6


Dungeon Overview and Level Annotations

Branches:
Dungeon (11/15)            Temple (1/1) D:4            Lair (3/6) D:9
 Shoals (0/4) Lair:3       Spider (0/4) Lair:3          Orc (0/2) D:10

Altars:
Ashenzari
Cheibriados
Dithmenos
Elyvilon
Fedhas
Gozag
Hepliaklqana
Kikubaaqudgha
Makhleb
Nemelex Xobeh
Okawaru
Qazlal
Ru
Sif Muna
Trog
Uskayaw
Vehumet
Wu Jian
Xom
Yredelemnul
Zin
The Shining One

Shops:
D:7 ?

Annotations:
D:4 1 runed translucent door, RNPValinor's ghost, amateur DsFi


Innate Abilities, Weirdness & Mutations

You are a creature of crystalline ice.
You have a powerful freezing melee attack.
You are amphibious.
Your maximum health is increased.
Your armour is entirely melded.
You are incapable of wielding weapons or throwing items.
((You can breathe bolts of dispelling energy.))
((Your rich purple scales are hard. (AC +8)))
You cannot fit into any form of body armour.
((You are cold-blooded and may be slowed by cold attacks.))


Message History

The yak misses you.
The eight-headed hydra is no longer moving slowly.
You punch the yak! You freeze the yak.
The yak is moderately wounded.
The yak closely misses you.
You pummel the yak!! You freeze the yak!
You kill the yak!
Your Spellcasting skill increases to level 9!
Casting: Ice Form (mildly dangerous; 3% risk of failure)
Confirm with . or Enter, or press ? or * to list all spells.
You fail to extend your transformation any further.
The eight-headed hydra bites you.
The eight-headed hydra closely misses you.
The eight-headed hydra bites you!
The eight-headed hydra completely misses you.
The eight-headed hydra bites you! x2
You block the eight-headed hydra's attack.
The eight-headed hydra misses you.
The eight-headed hydra barely misses you.
You block the eight-headed hydra's attack.
The eight-headed hydra bites you!
You block the eight-headed hydra's attack. x2
The eight-headed hydra bites you! x3
You are too injured to fight recklessly!
You are too injured to fight recklessly!
You pummel the eight-headed hydra!!
The eight-headed hydra seems to slow down.
You freeze the eight-headed hydra!
The eight-headed hydra is severely wounded.
You hit the eight-headed hydra but do no damage.
The eight-headed hydra is severely wounded.
The eight-headed hydra bites you!
* * * LOW HITPOINT WARNING * * *
The eight-headed hydra bites you but does no damage.
The eight-headed hydra bites you!
* * * LOW HITPOINT WARNING * * *
The eight-headed hydra bites you!
* * * LOW HITPOINT WARNING * * *
The eight-headed hydra bites you!
You die...

#........###..######
##P.. ##+#..#### ####
#P... #.....## ##...
####...# #.#P ###.###
#### #####...# ## #
#.......### ##..#.# #
##.........###.......
#
#........#.YDYY......
#
#..........###YY.....
##.# ##.........##
....... #...
##..........# .......
...## #..#...#..###
....... #####...###
#...#(+ ##.### #... .
#..# +#.^ #.(#


You could see an eight-headed hydra (slow) and 4 yaks.

Vanquished Creatures
  Snorg (D:10)
  Fannar (Lair:3)
  A hydra (D:11)
  A boulder beetle (D:9)
  2 tengu warriors (D:11)
  Sonja (Lair:1)
  Nergalle (Lair:1)
  A manticore (D:9)
  A cyclops (D:11)
  A merfolk siren (Lair:3)
  A cane toad (Lair:3)
  5 komodo dragons
  A rime drake (Lair:1)
  A queen bee (Lair:1)
  Prince Ribbit (D:6)
  3 blink frogs (Lair:3)
  A shadow (D:10)
  2 wraiths (D:11)
  22 yaks
  2 basilisks
  Grum (D:8)
  2 redbacks (Lair:3)
  5 vampire mosquitoes
  6 water moccasins
  An ice beast (D:6)
  8 orc warriors
  3 ogres (D:6)
  2 necrophages
  8 centaurs
  9 wolves
  A phantom (D:5)
  4 kobold brigands
  11 bullfrogs
  7 scorpions
  A wyvern skeleton (D:5)
  2 water moccasin skeletons
  A water moccasin zombie (D:6)
  29 killer bees
  3 jellies
  9 wights (D:8)
  4 howler monkeys (D:10)
  An electric eel (D:10)
  A bullfrog zombie (D:3)
  4 hounds
  A gnoll shaman (D:8)
  3 centaur zombies
  15 orc priests
  2 centaur skeletons
  2 iguanas
  10 orc wizards
  2 killer bee zombies
  14 gnolls
  A howler monkey skeleton (D:5)
  10 adders
  A shadow imp (D:5)
  A white imp (D:6)
  2 dart slugs
  49 orcs
  9 bats
  5 endoplasms
  3 giant cockroaches
  7 hobgoblins
  6 jackals
  A quokka (D:4)
  4 ball pythons
  6 frilled lizards
  8 goblins
  25 kobolds
  A rat (D:3)
361 creatures vanquished.

Vanquished Creatures (others)
  2 kobolds (D:9)
  4 fungi
  4 plants
10 creatures vanquished.

Grand Total: 371 creatures vanquished

Notes
Turn   | Place    | Note
-------+----------+-------------------------------------------
     0 | D:1      | kae the Draconian Transmuter began the quest for the Orb.
     0 | D:1      | Reached XP level 1. HP: 16/16 MP: 3/3
    77 | D:1      | Found a faded altar of an unknown god.
   284 | D:1      | Reached XP level 2. HP: 21/23 MP: 3/5
  1156 | D:1      | Reached XP level 3. HP: 23/28 MP: 4/6
  1160 | D:1      | Learned a level 3 spell: Spider Form
  1367 | D:1      | Identified a scroll of acquirement
  1367 | D:1      | Acquired 939 gold pieces
  2885 | D:3      | Reached skill level 1 in Poison Magic
  2885 | D:3      | Reached XP level 4. HP: 29/36 MP: 7/7
  3009 | D:3      | Found the brooch of Shielding {Spirit SH+8}
  3179 | D:3      | Found an ornate altar of the Wu Jian Council.
  3181 | D:3      | Found a white marble altar of Elyvilon.
  3492 | D:3      | Reached XP level 5. HP: 21/41 MP: 8/8
  3554 | D:3      | Learned a level 4 spell: Ice Form
  3804 | D:3      | Found an ancient bone altar of Kikubaaqudgha.
  3806 | D:3      | Found a snail-covered altar of Cheibriados.
  4082 | D:4      | Reached skill level 1 in Ice Magic
  4169 | D:3      | Reached XP level 6. HP: 29/50 MP: 3/9
  4763 | D:4      | Found a staircase to the Ecumenical Temple.
  4790 | Temple   | Entered the Ecumenical Temple
  4899 | Temple   | Became a worshipper of Ru the Awakened
  4990 | D:4      | Your scales start taking on a rich purple colour.
  4990 | D:4      | Reached XP level 7. HP: 34/56 MP: 11/12
  5113 | D:4      | Found a runed translucent door.
  5115 | D:4      | Noticed RNPValinor's ghost (amateur DsFi)
  5161 | D:4      | Found a shimmering altar of Xom.
  5766 | D:5      | Entered Level 5 of the Dungeon
  6201 | D:5      | Reached skill level 5 in Unarmed Combat
  6319 | D:5      | Reached XP level 8. HP: 63/63 MP: 14/14
  6729 | D:5      | Reached skill level 5 in Transmutations
  7062 | D:6      | Found a hazy altar of Hepliaklqana.
  7069 | D:6      | Found a stormy altar of Qazlal.
  7376 | D:6      | Noticed Prince Ribbit
  7386 | D:6      | Killed Prince Ribbit
  7387 | D:6      | Reached skill level 5 in Spellcasting
  7387 | D:6      | Reached XP level 9. HP: 72/72 MP: 16/16
  7886 | D:6      | Reached skill level 5 in Ice Magic
  8659 | D:7      | Reached skill level 5 in Fighting
  9059 | D:7      | HP: 4/88 [something (2)]
  9362 | D:7      | Found Belyuton's Magic Scroll Shoppe.
  9365 | D:7      | Bought a scroll of identify for 22 gold pieces
  9496 | D:7      | Bought a scroll of identify for 22 gold pieces
  9796 | D:7      | Found the +8 Vampire's Tooth {vamp}
 10124 | D:8      | Reached XP level 10. HP: 38/78 MP: 7/19
 10585 | D:8      | Reached skill level 5 in Dodging
 10860 | D:8      | Noticed Grum
 10874 | D:8      | Killed Grum
 11664 | D:9      | Noticed a boulder beetle
 11665 | D:9      | Noticed a manticore
 11857 | D:9      | Killed a boulder beetle
 11895 | D:9      | Killed a manticore
 12285 | D:9      | Found a staircase to the Lair.
 12567 | D:10     | Entered Level 10 of the Dungeon
 12579 | D:10     | Noticed Snorg
 12589 | D:10     | Killed Snorg
 13019 | D:10     | Reached XP level 11. HP: 91/91 MP: 19/21
 13542 | D:10     | Found a staircase to the Orcish Mines.
 14347 | D:11     | Noticed a four-headed hydra
 14353 | D:11     | Killed a four-headed hydra
 14907 | D:11     | Noticed a tengu warrior
 14908 | D:11     | Noticed a tengu warrior
 14922 | D:11     | Killed a tengu warrior
 14930 | D:11     | Killed a tengu warrior
 15406 | D:11     | Reached skill level 10 in Unarmed Combat
 15559 | Lair:1   | Entered Level 1 of the Lair of Beasts
 16050 | Lair:1   | Reached skill level 10 in Transmutations
 16639 | Lair:1   | Reached XP level 12. HP: 84/101 MP: 16/24
 17076 | Lair:1   | Noticed Sonja
 17083 | Lair:1   | Killed Sonja
 17575 | Lair:1   | Noticed Nergalle
 17592 | Lair:1   | Killed Nergalle
 18701 | Lair:3   | Noticed Fannar
 18717 | Lair:3   | Killed Fannar
 18882 | Lair:3   | Found a hole to the Spider Nest.
 19293 | Lair:3   | Found a staircase to the Shoals.
 19350 | Lair:3   | Noticed an eight-headed hydra
 19366 | Lair:3   | HP: 5/123 [eight-headed hydra (12)]
 19366 | Lair:3   | Slain by an eight-headed hydra

Illustrated notes

Levels and vault maps discovered:
D:1:      dpeg_arrival_simpleton_a, layout_loops_corners,
          dreamdust_ecumenical_altar_hidden_monk_grotto
D:2:      layout_loops_cross
D:3:      layout_basic, nicolae_overflow_hidden_temple
D:4:      layout_rooms, mainiacjoe_overflow_six_doors_small, temple_fountains,
          ebering_ghost_reflecting_pool, serial_curves, eino_curves_01,
          eino_curves_04, eino_curves_01
D:5:      layout_basic
D:6:      minmay_thinvault, layout_basic, mainiacjoe_overflow_catch_the_wave,
          uniq_prince_ribbit1
D:7:      layout_gridville, serial_shops, kennysheep_mini
D:8:      layout_loops_cross, uniq_grum
D:9:      layout_rooms, lair_entry_dummy, lightli_fourway_metalbox
D:10:     layout_cave_pools, erik_orc_2, enter_bailey_7, dk_noncrumbling_2,
          nicolae_two_hexagons, uniq_snorg
D:11:     layout_roguey, grunt_decor_cap
Temple:   regret_index_temple_waves
Lair:1:   layout_small_grid, special_room [special_room_bee],
          lemuel_fruit_fields, grunt_megastairs_3, uniq_sonja, uniq_nergalle
Lair:2:   layout_regular_city
Lair:3:   layout_roguey, minmay_shoals_entry_lonely_mermaid,
          spider_nest_entry_webs, uniq_fannar

Skill      XL: |  1  2  3  4  5  6  7  8  9 10 11 12 |
---------------+-------------------------------------+-----
Dodging        | 2 3 4 5 6 7 |  7.4
Poison Magic   | 1 2 |  2.0
Fighting       | 2 3 4 5 6 7 8 |  8.7
Transmutations | 3 4 6 7 8 10 11 | 11.2
Unarmed Combat | 4 5 6 7 9 10 11 | 11.5
Ice Magic      | 1 2 3 4 5 |  5.0
Spellcasting   | 3 4 5 6 7 8 9 |  9.0

Action                   |  1- 3 |  4- 6 |  7- 9 | 10-12 || total
-------------------------+-------+-------+-------+-------++-------
Melee: Unarmed           |   162 |   124 |   353 |   622 ||  1261
       Kick              |    28 |     6 |     2 |       ||    36
       Headbutt          |     7 |     4 |       |       ||    11
       Tailslap          |    11 |     5 |     6 |     5 ||    27
       Punch             |     2 |     2 |     5 |     5 ||    14
 Cast: Beastly Appendage |    31 |     9 |     2 |       ||    42
       Spider Form       |     1 |     9 |    19 |       ||    29
       Ice Form          |       |       |    25 |    76 ||   101
Invok: Reject Sacrifices |       |       |       |     1 ||     1
 Abil: Breathe Dispellin |       |       |     1 |       ||     1
Evoke: Wand              |       |       |       |     1 ||     1
  Use: Scroll            |     4 |     1 |     6 |    12 ||    23
       Potion            |       |     2 |     1 |     2 ||     5
 Stab: Paralysed         |       |       |       |     8 ||     8
       Sleeping          |       |       |       |     1 ||     1
Armor: Skin              |    55 |    23 |    62 |   123 ||   263
Dodge: Dodged            |   136 |    88 |   185 |   473 ||   882
Block: Other             |       |    47 |   143 |   315 ||   505

Table legend: (Time is in decaauts)
 A = Elapsed time spent in this place.
 B = Non-inter-level travel time spent in this place.
 C = Inter-level travel time spent in this place.
 D = Time resting spent in this place.
 E = Time spent auto-exploring this place.
 F = Levels seen in this place.
 G = Mean time per level.
                   A        B        C        D        E       F      G
               +--------+--------+--------+--------+--------+-----+--------+
         Total |  19207 |  18813 |    394 |   2027 |  14049 |  15 | 1280.5 |
       Dungeon |  15301 |  15028 |    273 |   1232 |  11534 |  11 | 1391.0 |
        Temple |    146 |     74 |     72 |      0 |     58 |   1 |  146.0 |
          Lair |   3758 |   3709 |     49 |    795 |   2457 |   3 | 1252.7 |
               +--------+--------+--------+--------+--------+-----+--------+

Top non-repeatable levels by time:
  Lair:1: 2191 daAuts
     D:3: 1932 daAuts
     D:7: 1599 daAuts
     D:6: 1565 daAuts
    D:11: 1470 daAuts
    D:10: 1461 daAuts
     D:1: 1370 daAuts
     D:8: 1271 daAuts
     D:9: 1232 daAuts
     D:4: 1191 daAuts
     D:2: 1106 daAuts
     D:5: 1102 daAuts
  Lair:2: 838 daAuts
  Lair:3: 728 daAuts
  Temple: 146 daAuts
